 Dungeon Crawl Stone Soup version 0.18-a0-1677-g2bdad6c (webtiles) character file.

357 Etesian the Bolt Thrower (level 6, -9/47 HPs)
             Began as a Centaur Arcane Marksman on Apr 2, 2016.
             Mangled by an iguana (12 damage)
             ... on level 4 of the Dungeon.
             The game lasted 00:19:44 (5408 turns).

Etesian the Bolt Thrower (Centaur Arcane Marksman)  Turns: 5408, Time: 00:19:45

Health: -9/47      AC:  4    Str: 14    XL:     6   Next: 37%
Magic:  9/9        EV: 10    Int: 12    God:
Gold:   228        SH:  0    Dex: 10    Spells: 3 memorised, 3 levels left

rFire  . . .     SeeInvis .     a - +1 hand crossbow
rCold  . . .     Gourm    .     e - +0 robe
rNeg   . . .     Faith    .     (no shield)
rPois  .         Spirit   .     (no helmet)
rElec  .         Dismiss  .     (no cloak)
rCorr  .         Reflect  .     (no gloves)
SustAt .         Harm     .     (no barding)
MR     +....                    (no amulet)
Stlth  +.........               (no ring)
                                q - ring of protection from magic

@: very quick, somewhat resistant to hostile enchantments, very unstealthy
A: hooves 3, deformed body, speed 2, regeneration 1, tough skin 3
a: no special abilities


You were on level 4 of the Dungeon.
You were not hungry.

You visited 1 branch of the dungeon, and saw 5 of its levels.

You collected 228 gold pieces.

Inventory:

Hand Weapons
 a - a +1 hand crossbow (weapon)
 b - a +0 spear
Missiles
 d - 12 bolts (quivered)
Armour
 e - a +0 robe (worn)
 p - a +0 helmet
Jewellery
 q - a ring of protection from magic (left hand)
Scrolls
 s - 2 scrolls of fog {unknown}
Potions
 g - a potion of lignification {unknown}
 h - a potion of curing
 i - a potion of agility {unknown}
 j - 2 potions of degeneration
 k - a potion of resistance
 l - a potion of might
 r - a potion of mutation
Books
 c - a book of Debilitation

   Spells                             Type                      Level
   a - Corona                         Hexes                        1
   b - Slow                           Hexes                        2
   c - Gell's Gravitas                Hexes/Translocation          3
   d - Inner Flame                    Hexes/Fire                   3
   e - Cause Fear                     Hexes                        4
   f - Leda's Liquefaction            Hexes/Earth                  4
Comestibles
 f - 2 bread rations
 m - 2 beef jerkies
 n - a meat ration
 o - a chunk of flesh


   Skills:
 - Level 1.0 Fighting
 * Level 4.6 Crossbows
 + Level 2.4 Dodging
 + Level 2.0 Spellcasting
 * Level 4.3 Hexes


You had 3 spell levels left.
You knew the following spells:

 Your Spells              Type           Power        Failure   Level  Hunger
a - Corona                Hex            ##.....      6%          1    ##.....
b - Slow                  Hex            ##......     10%         2    ###....
c - Inner Flame           Hex/Fire       #.......     34%         3    ####...


Dungeon Overview and Level Annotations

Branches:
Dungeon (5/15)
 Temple: D:4-7

Altars:

Annotations:
D:4 Marenglen's ghost, amateur DrVM


Innate Abilities, Weirdness & Mutations

You have hooves in place of feet.
Armour fits poorly on your strangely shaped body.
You cover ground very quickly.
You have extremely tough skin (AC +3).
Your natural rate of healing is unusually fast.


Message History

* * * LOW HITPOINT WARNING * * *
The scorpion stings you.
* * * LOW HITPOINT WARNING * * *
Drink which item? (? for menu, Esc to quit)
It was a potion of mutation.
You feel extremely strange.
You begin to heal more quickly.
A pair of antennae grows on your head!
Your +0 helmet falls away!
The antennae on your head shrink away. The iguana misses you.
The scorpion misses you.
Really attack while wielding your +1 hand crossbow? [Y]es or [N]o only, please.
Really attack while wielding your +1 hand crossbow?
You clumsily bash the iguana but do no damage.
Your kick misses the iguana.
The iguana is almost dead.
The iguana completely misses you. The scorpion barely misses you.
You closely miss the iguana.
The iguana is almost dead.
The iguana bites you!
You die...

#### #.# #.# #.# # ###.#
.# ##.#.# ..
####....######## .###
+............... ..(..
####..<.##########.(.###
##.#.#### #.s@lS...(#
####...).# #.#######.#
#.....##.# #.# #....<# #
#.# #+# #.....# #.# #.#
#...>.# #.# #.# #.....#
#.# ##.## ###..###.#
#.#######.# ##...##
#......# #......s..#
#......


You could see a scorpion, an iguana and an adder.

Vanquished Creatures
  The ghost of Etesian the Bolt Thrower, an amateur KoAM (D:3)
  A hound (D:3)
  2 orc wizards
  Robin (D:4)
  5 adders
  A worm (D:2)
  4 dart slugs
  4 giant geckos
  7 orcs
  4 giant cockroaches
  22 goblins
  8 hobgoblins
  6 kobolds
  2 quokkas
  2 ball pythons
  7 bats
  A giant newt (D:1)
  5 rats
83 creatures vanquished.

Notes
Turn   | Place    | Note
--------------------------------------------------------------
     0 | D:1      | Etesian the Centaur Arcane Marksman began the quest for the Orb.
     0 | D:1      | Reached XP level 1. HP: 16/16 MP: 2/2
   504 | D:1      | Reached XP level 2. HP: 11/23 MP: 3/3
   668 | D:1      | Learned a level 2 spell: Slow
  1192 | D:1      | Reached XP level 3. HP: 28/28 MP: 4/4
  2909 | D:3      | Noticed Etesian's ghost (amateur KoAM)
  3048 | D:3      | Reached XP level 4. HP: 34/35 MP: 5/5
  3550 | D:3      | Killed Etesian's ghost
  3550 | D:3      | Reached XP level 5. HP: 13/40 MP: 7/7
  4232 | D:3      | Learned a level 3 spell: Inner Flame
  4372 | D:4      | Noticed Robin
  4426 | D:4      | Killed Robin
  4426 | D:4      | Reached XP level 6. HP: 18/47 MP: 5/8
  4613 | D:4      | Noticed Marenglen's ghost (amateur DrVM)
  4634 | D:5      | Entered Level 5 of the Dungeon
  5405 | D:4      | HP: 1/47 [scorpion (6)]
  5406 | D:4      | Gained mutation: Your natural rate of healing is unusually fast. [potion of mutation]
  5406 | D:4      | Gained mutation: You have a pair of small antennae on your head. [potion of mutation]
  5406 | D:4      | Lost mutation: You have a pair of small antennae on your head. [potion of mutation]
  5408 | D:4      | Mangled by an iguana

Vault maps used:
D:1:      lightli_arrival_boilingwater
D:2:      first_bread, bh_walls_and_bars
D:4:      grunt_temple_overflow_diamond, gup_sewer_entry_bowl,
          minmay_fountain_box, st_stairs_5, uniq_sigmund, uniq_robin
D:5:      grunt_temple_overflow_open, minmay_temple_entry_glassed_door,
          hangedman_decor_push, roderic_lattice_a, fedhas_altar_1

Skill      XL: |  1  2  3  4  5  6 |
---------------+-------------------+-----
Hexes          | 3 4 |  4.3
Crossbows      | 3 4 |  4.6
Dodging        | 2 |  2.4
Spellcasting   | 2 |  2.0
Fighting       | |  1.0

Action                   |  1- 3 |  4- 6 || total
-------------------------+-------+-------++-------
Melee: Unarmed           |    26 |       ||    26
       Spear             |   144 |   175 ||   319
       Hand crossbow     |       |     2 ||     2
 Fire: Hand crossbow     |     2 |    22 ||    24
 Cast: Corona            |    14 |    26 ||    40
       Slow              |     1 |     5 ||     6
  Use: Scroll            |     2 |     6 ||     8
       Potion            |       |     4 ||     4
  Eat: Chunk             |     6 |     8 ||    14
